 Dungeon Crawl Stone Soup version 0.29.0-4-gdea44cf6ec (webtiles) character file.

Game seed: 7501473300596379928

27163 Lochraine the Nimble (level 13, -8/106 HPs)
             Began as a Merfolk Gladiator on Aug 26, 2022.
             Was a Follower of Yredelemnul.
             Killed from afar by a storm dragon (40 damage)
             ... with a bolt of lightning
             ... on level 5 of the Lair of Beasts on Aug 27, 2022.
             The game lasted 00:56:41 (18778 turns).

Lochraine the Nimble (Merfolk Gladiator)           Turns: 18778, Time: 00:56:42

Health: -8/106     AC: 10    Str: 20    XL:     13   Next: 30%
Magic:  0/14       EV: 20    Int:  7    God:    Yredelemnul [*.....]
Gold:   763        SH:  6    Dex: 18    Spells: 12/12 levels left

rFire   . . .      SeeInvis .   J - +11 war axe of the Sea {vorpal, Str+3}
rCold   . . .      Faith    .   r - +0 buckler
rNeg    . . .      Spirit   +   o - +0 leather armour
rPois   .          Reflect  .   c - +0 helmet
rElec   .          Harm     .   S - +0 cloak
rCorr   .          Rampage  +   (no gloves)
Will    .....                   K - +0 pair of boots {rampage}
Stlth   +++++.....              C - amulet of guardian spirit
HPRegen 0.27/turn               W - +4 ring of protection
MPRegen 0.14/turn               E - +4 ring of slaying

@: hasted, very quick
A: (nimble swimmer 2), mertail
a: Renounce Religion, Recall Undead Harvest


You were on level 5 of the Lair of Beasts.
You worshipped Yredelemnul.
Yredelemnul was noncommittal.
You visited 6 branches of the dungeon, and saw 19 of its levels.

You collected 763 gold pieces.

Inventory:

Hand Weapons
 a - a +1 trident
 b - a +2 war axe of venom
 J - the +11 war axe of the Sea (weapon) {vorpal, Str+3}
   (You took it off an orc priest on level 8 of the Dungeon)

   It inflicts extra damage upon your enemies.
   Str:       It affects your strength (+3).
Missiles
 e - 7 javelins (quivered)
 P - 2 throwing nets
Armour
 c - a +0 helmet (worn)
 o - a +0 leather armour (worn)
 r - a +0 buckler (worn)
 K - a +0 pair of boots of rampaging (worn)
 S - a +0 cloak (worn)
Jewellery
 d - a ring of ice
 j - a ring of magical power
 C - an amulet of guardian spirit (around neck)
 E - a +4 ring of slaying (right hand)
 L - a ring of wizardry
 M - a ring of protection from fire
 O - a ring of resist corrosion
 U - a ring of willpower
 V - a ring of protection from cold
 W - a +4 ring of protection (left hand)
 Y - a ring of protection from fire
Wands
 u - a wand of quicksilver (4)
 w - a wand of flame (15)
 H - a wand of polymorph (2)
Scrolls
 l - a scroll of identify
 s - a scroll of magic mapping {unknown}
 t - a scroll of summoning {unknown}
 y - 4 scrolls of vulnerability
 z - 2 scrolls of poison
 A - 6 scrolls of immolation
 D - a scroll of enchant weapon
 F - 2 scrolls of teleportation
 G - a scroll of amnesia
 N - a scroll of fog {unknown}
 Q - a scroll of torment {unknown}
 R - a scroll of enchant armour
 X - a scroll of acquirement {unknown}
Potions
 f - 6 potions of lignification
 h - 3 potions of flight
 i - 3 potions of mutation
 k - 8 potions of curing
 m - 2 potions of cancellation
 n - a potion of berserk rage
 p - a potion of invisibility
 q - a potion of brilliance
 v - 2 potions of might
 x - 5 potions of haste
 B - 3 potions of magic
 T - a potion of attraction


   Skills:
 + Level 11.5 Fighting
 + Level 7.3(8.1) Axes
 - Level 8.2(11.0) Polearms
 - Level 2.3 Throwing
 - Level 0.7 Armour
 + Level 13.7 Dodging
 - Level 10.9 Stealth
 - Level 8.0 Shields
 * Level 2.1 Invocations
 + Level 5.0 Evocations


You had 12 spell levels left.
You didn't know any spells.
Your spell library contained the following spells:

 Spells                   Type           Power      Damage    Failure   Level
 Static Discharge         Conj/Air       0%         3-3/arc   71%         2
 Borgnjor's Vile Clutch   Necr/Erth      0%         N/A       100%        5
 Lightning Bolt           Conj/Air       0%         1d11      100%        5
 Maxwell's Capacitive Co  Air            0%         ∞         100%        8
 Animate Dead             Necr           Unusable   N/A       N/A         4
 Death Channel            Necr           Unusable   N/A       N/A         6

Dungeon Overview and Level Annotations

Branches:
Dungeon (10/15)            Temple (1/1) D:6            Lair (5/5) D:8
  Swamp (1/4) Lair:2       Spider (1/4) Lair:3          Orc (1/2) D:10
  Slime: Lair:4-5

Altars:
Ashenzari
Cheibriados
Dithmenos
Elyvilon
Fedhas
Gozag
Hepliaklqana
Kikubaaqudgha
Makhleb
Nemelex Xobeh
Okawaru
Qazlal
Ru
Sif Muna
Trog
Uskayaw
Vehumet
Wu Jian
Xom
Yredelemnul
Zin
The Shining One

Annotations:
D:7 2 transporters, diceflayer's ghost, amateur DsFi
D:9 3 runed translucent doors, codl's ghost, novice DrTm


Innate Abilities, Weirdness & Mutations

((You are very nimble when in or above water. (Stealth+, EV+, Speed+++)))
Your lower body shifts to a powerful aquatic tail in water.


Message History

You block the storm dragon's attack. The storm dragon misses you.
Your lindwurm zombie closely misses the storm dragon.
Your lindwurm zombie claws the storm dragon but does no damage. x2
Unknown command.
You slice the storm dragon!!
The storm dragon is moderately wounded.
You slash the plant! You slash the fungus!
The storm dragon breathes lightning at you.
The bolt of lightning hits you!!!
* * * LOW HITPOINT WARNING * * *
You slash the storm dragon!
The storm dragon is heavily wounded.
You hit the fungus. You hit the plant.
Your lindwurm zombie bites the storm dragon!
Your lindwurm zombie claws the storm dragon but does no damage.
Your lindwurm zombie closely misses the storm dragon.
The storm dragon bites you!
* * * LOW HITPOINT WARNING * * *
The storm dragon claws you.
* * * LOW HITPOINT WARNING * * *
The storm dragon tramples you.
* * * LOW HITPOINT WARNING * * *
You stumble backwards!
You feel much better.
Okay, then.
Okay, then.
Unknown command.
Unknown command.
Press: ? - help, v - describe, . - travel
Here: a storm dragon (heavily wounded, ally target)
The floor, spattered with blood.
Unknown command.
Blink to where?
Press: ? - help, Dir - move target, p - storm dragon
As you read the scroll of blinking, it crumbles to dust.
There is a stone staircase leading up here.
The storm dragon breathes lightning at you.
The bolt of lightning hits you!!!
You die...
Your body rises from the dead as a mindless zombie.

###... # #P....#..#..### #.#...
#.D.....##....# #....#
####............### .P.
#...###P.P.....P......# #...
#.............####...#
#...#######....#.......#......#
#....#...#.............###P...#
#...................P..###...##
#..P.P..#.#####.@.......##P...#
#PP....## ##.##....####...#
#P.....# #.....#.##.#...#
##P....# #.............##
###...+ #.PP..........# #....#
#.P..#..##....# ###..##
##....#..#######
##..#####......###
#.............P#


You could see a storm dragon (catching breath).

Vanquished Creatures
  A bunyip (Lair:3)
  Fannar (D:10)
  A hydra (Lair:2)
  2 two-headed ogres (D:10)
  A centaur warrior (D:10)
  Nergalle (Lair:2)
  A bog body (Lair:2)
  2 lindwurms
  Pikel (D:5)
  4 elephants (Lair:5)
  A black mamba (Lair:1)
  5 cane toads
  A torpor snail (Lair:1)
  An unseen horror (D:10)
  2 rime drakes
  A kobold demonologist (D:9)
  4 komodo dragons
  A polar bear (Lair:2)
  A tarantella (Lair:3)
  3 blink frogs (Lair:3)
  3 dream sheep (Lair:3)
  Sigmund (D:5)
  A shadow (D:9)
  A wyvern (D:9)
  22 yaks
  2 basilisks
  Eustachio (D:5)
  5 vampire mosquitoes
  4 steam dragons
  2 wargs
  A swamp worm (Lair:2)
  11 water moccasins
  A spectral yak (Lair:1)
  4 orc warriors
  A sky beast (D:6)
  An ice beast (D:5)
  A black bear (D:6)
  3 ogres (D:7)
  2 centaurs
  A lemure (D:5)
  2 phantoms
  4 kobold brigands
  5 bullfrogs
  A gnoll sergeant (D:9)
  3 scorpions
  2 necrophages
  5 wights (D:9)
  2 killer bees (D:8)
  7 howler monkeys
  3 electric eels (Lair:2)
  6 hounds
  2 jellies
  6 orc priests
  4 iguanas
  8 orc wizards
  11 gnolls
  4 adders
  A shadow imp (D:5)
  An ufetubus (D:6)
  2 worms (D:2)
  7 dart slugs
  47 orcs
  10 ball pythons
  7 endoplasms
  2 giant cockroaches
  6 goblins
  10 hobgoblins
  10 jackals
  20 kobolds
  3 quokkas
  7 bats
  6 frilled lizards
  5 rats
  A butterfly (Lair:4)
323 creatures vanquished.

Vanquished Creatures (collateral kills)
  A bunyip (Lair:2)
  A swamp dragon (Lair:5)
  A kobold demonologist (D:9)
  3 komodo dragons (Lair:2)
  A yak (D:9)
  A wyvern (Lair:5)
  A basilisk (Lair:1)
  A steam dragon (D:8)
  A warg (D:8)
  An orc warrior (D:8)
  A black bear (Lair:2)
  2 bullfrogs
  A wight (D:9)
  2 killer bees (D:8)
  An electric eel (Lair:2)
  A howler monkey (D:8)
  A hound (D:6)
  2 orc priests (D:8)
  Natasha (thrice) (D:3)
  A gnoll (D:5)
  An adder (D:6)
  11 orcs
  2 ball pythons (D:3)
  A rat (D:3)
42 creatures vanquished.

Vanquished Creatures (others)
  A vampire mosquito zombie (Lair:5)
  A komodo dragon zombie (Lair:2)
  2 warg zombies
  2 yak zombies
  A bullfrog zombie (Lair:2)
  A centaur zombie (D:9)
  A basilisk zombie (Lair:2)
  An orc wizard (D:6)
  An ogre zombie (D:7)
  2 hound zombies (D:5)
  A howler monkey zombie (D:8)
  A felid zombie (D:3)
  A human zombie (D:5)
  2 iguana zombies (Lair:2)
  An orc (D:8)
  A bat zombie (D:3)
  A ball python zombie (D:4)
  A frilled lizard zombie (D:3)
  4 gnoll zombies
  A goblin zombie (D:3)
  A hobgoblin zombie (D:3)
  3 jackal zombies
  5 kobold zombies
  25 orc zombies
  A quokka zombie (D:3)
  2 rat zombies (D:2)
  A spectral ufetubus (D:6)
  43 fungi
  52 plants
160 creatures vanquished.

Grand Total: 525 creatures vanquished

Notes
Turn   | Place    | Note
-------+----------+-------------------------------------------
     0 | D:1      | Lochraine the Merfolk Gladiator began the quest for the
                  | Orb.
     0 | D:1      | Reached XP level 1. HP: 16/16 MP: 1/1
   125 | D:1      | Reached XP level 2. HP: 23/23 MP: 2/2
   428 | D:1      | Reached XP level 3. HP: 26/28 MP: 3/3
   973 | D:1      | Found a faded altar of an unknown god.
  1046 | D:1      | Found a basalt altar of Yredelemnul.
  1054 | D:1      | Became a worshipper of Yredelemnul the Dark
  1180 | D:2      | Reached skill level 5 in Polearms
  1245 | D:2      | Reached * piety under Yredelemnul
  1295 | D:2      | Reached XP level 4. HP: 34/34 MP: 4/4
  1444 | D:2      | Reached skill level 1 in Stealth
  1651 | D:2      | Reached ** piety under Yredelemnul
  1963 | D:3      | Noticed Natasha
  2159 | D:3      | Killed Natasha
  2160 | D:3      | Reached XP level 5. HP: 26/39 MP: 5/5
  2426 | D:3      | Noticed Natasha
  2434 | D:3      | Killed Natasha
  2445 | D:3      | Noticed Natasha
  2458 | D:3      | Killed Natasha
  2558 | D:3      | Reached skill level 1 in Axes
  2558 | D:3      | Reached skill level 1 in Shields
  2558 | D:3      | Reached XP level 6. HP: 46/46 MP: 6/6
  2840 | D:3      | Your ally Natasha died
  3188 | D:4      | Reached skill level 5 in Dodging
  3692 | D:4      | Found a hide-covered altar of Uskayaw.
  3701 | D:4      | Found an iron altar of Okawaru.
  3810 | D:4      | Reached XP level 7. HP: 50/52 MP: 7/7
  4373 | D:5      | Entered Level 5 of the Dungeon
  4515 | D:5      | Noticed Sigmund
  4527 | D:5      | Killed Sigmund
  4637 | D:5      | Noticed Pikel
  4650 | D:5      | Killed Pikel
  4651 | D:5      | Reached skill level 6 in Dodging
  4651 | D:5      | Reached skill level 1 in Evocations
  4651 | D:5      | Reached XP level 8. HP: 40/61 MP: 8/8
  4795 | D:5      | Noticed Eustachio
  4814 | D:5      | Killed Eustachio
  4815 | D:5      | Reached skill level 5 in Fighting
  4815 | D:5      | Reached skill level 5 in Stealth
  4820 | D:5      | Your ally Sigmund died
  5059 | D:5      | Reached skill level 7 in Dodging
  5127 | D:5      | Reached *** piety under Yredelemnul
  5128 | D:5      | Reached XP level 9. HP: 57/68 MP: 9/9
  5310 | D:5      | Found an ancient bone altar of Kikubaaqudgha.
  6286 | D:6      | Reached skill level 5 in Shields
  6288 | D:6      | You fall into a shaft and drop 2 floors!
  6346 | D:8      | Reached skill level 8 in Dodging
  7073 | D:7      | Found a transporter.
  7460 | D:6      | Found a staircase to the Ecumenical Temple.
  7472 | D:6      | Reached skill level 9 in Dodging
  7474 | Temple   | Entered the Ecumenical Temple
  7974 | D:7      | Noticed a moth of wrath
  7975 | D:7      | Found a transporter.
  7981 | D:7      | Found a bloodstained altar of Trog.
  7997 | D:7      | Noticed diceflayer's ghost (amateur DsFi)
  8121 | D:7      | Found a sparkling altar of Nemelex Xobeh.
  8484 | D:8      | Reached XP level 10. HP: 74/77 MP: 10/10
  9206 | D:9      | Reached skill level 10 in Dodging
  9620 | D:8      | Found a staircase to the Lair.
  9641 | D:8      | Identified the +11 war axe of the Sea {vorpal, Str+3}
 10069 | D:8      | Reached **** piety under Yredelemnul
 10910 | D:9      | Found a runed translucent gate.
 10912 | D:9      | Identified the +1 chain mail of Utwasch {Fly rPois rF++
                  | rN+}
 10912 | D:9      | Found a runed translucent gate.
 10913 | D:9      | Found a runed translucent gate.
 10915 | D:9      | Noticed codl's ghost (novice DrTm)
 10957 | D:9      | Reached XP level 11. HP: 76/85 MP: 11/11
 11145 | D:9      | Reached ***** piety under Yredelemnul
 11200 | D:9      | Reached skill level 5 in Axes
 11204 | D:9      | Reached ****** piety under Yredelemnul
 11811 | D:10     | Entered Level 10 of the Dungeon
 11873 | D:10     | Noticed a two-headed ogre
 11877 | D:10     | Killed a two-headed ogre
 12328 | D:10     | Noticed a centaur warrior
 12333 | D:10     | Killed a centaur warrior
 12334 | D:10     | Reached skill level 11 in Dodging
 12538 | D:10     | Found a staircase to the Orcish Mines.
 12543 | Orc:1    | Entered Level 1 of the Orcish Mines
 12738 | D:10     | Noticed a two-headed ogre
 12744 | D:10     | Killed a two-headed ogre
 12802 | D:10     | Noticed Fannar
 12820 | D:10     | Killed Fannar
 13120 | D:10     | Found a stormy altar of Qazlal.
 13236 | Lair:1   | Entered Level 1 of the Lair of Beasts
 13645 | Lair:1   | Reached XP level 12. HP: 74/96 MP: 12/12
 13665 | Lair:1   | Reached skill level 12 in Dodging
 13892 | Lair:1   | Reached skill level 10 in Fighting
 14691 | Lair:2   | Noticed a five-headed hydra
 15102 | Lair:2   | Killed a seven-headed hydra
 15562 | Lair:2   | Identified the +8 scimitar of the Crypt {spect, rN+ SInv}
 15580 | Lair:2   | Noticed a six-headed hydra
 15595 | Lair:2   | Noticed a bunyip
 15595 | Lair:2   | a six-headed hydra changed into a bunyip
 15602 | Lair:2   | Killed a bunyip
 15603 | Lair:2   | Reached skill level 10 in Stealth
 16231 | Lair:2   | Noticed Nergalle
 16239 | Lair:2   | Killed Nergalle
 16312 | Lair:2   | Reached skill level 13 in Dodging
 16514 | Lair:2   | Found a staircase to the Swamp.
 16750 | Swamp:1  | Entered Level 1 of the Swamp
 16847 | Lair:3   | Noticed a five-headed hydra
 16848 | Lair:3   | Noticed a bunyip
 16848 | Lair:3   | a five-headed hydra changed into a bunyip
 16856 | Lair:3   | Killed a bunyip
 16981 | Lair:3   | Found a hole to the Spider Nest.
 16992 | Spider:1 | Entered Level 1 of the Spider Nest
 17667 | Lair:3   | Reached skill level 5 in Evocations
 17667 | Lair:3   | Reached XP level 13. HP: 106/106 MP: 11/13
 18005 | Lair:4   | You fall into a shaft and drop 1 floor!
 18005 | Lair:5   | Entered Level 5 of the Lair of Beasts
 18420 | Lair:5   | Reached skill level 1 in Invocations
 18767 | Lair:5   | Noticed a storm dragon
 18767 | Lair:5   | a five-headed hydra changed into a storm dragon
 18778 | Lair:5   | Killed from afar by a storm dragon

Illustrated notes

Levels and vault maps discovered:
D:1:      dpeg_arrival_water_altar, layout_basic, ebering_ecumenical_altar_rust,
          nicolae_figureground_pulse
D:2:      layout_loops_ring, minmay_tripent
D:3:      layout_basic, uniq_natasha
D:4:      layout_basic, nicolae_overflow_squiral, kennysheep_generic_room_8
D:5:      layout_rooms, mainiacjoe_overflow_chevrons, uniq_pikel,
          uniq_eustachio, uniq_sigmund
D:6:      layout_loops_corners, temple_green
D:7:      layout_basic, nemelex_dance_club_becter,
          gammafunk_ghost_wrathful_warriors
D:8:      layout_gridville, erik_lair_orcish_takeover, minivault_19,
          st_stairs_12, minmay_orc_keep
D:9:      layout_loops_ring, biasface_ghost_orc_armoury
D:10:     layout_stronghold, kennysheep_mini_moat, hiddenorc1_lemuel,
          uniq_fannar
Temple:   sentei_temple_godly_chess
Lair:1:   layout_chaotic_city, infiniplex_staircase_pool_2, serial_bayou_shore_b
Lair:2:   beast_lair_carwin_large_2, layout_cave_pods,
          nicolae_swamp_entry_splash_gauntlet, serial_bayou_lake_a,
          uniq_nergalle
Lair:3:   layout_gridlike, spider_nest_entry_rubble, enter_volcano_4,
          serial_bayou_shore_a, grunt_megastairs_4, lemuel_fruit_tree
Lair:4:   layout_loops_ring, grunt_megastairs_3, lemuel_fruit_fields
Lair:5:   evilmike_catoblepas_cave, layout_loops_ring,
          dpeg_slime_entry_enclosed, pond, uniq_urug
Swamp:1:  layout_falls_marsh, gammafunk_ghost_split, evilmike_swamp_ruin_house_5
Spider:1: layout_spider_delve, uniq_aizul, uniq_josephine, uniq_mlioglotl
Orc:1:    layout_caves, special_room [special_room_orc]

Skill      XL: |  1  2  3  4  5  6  7  8  9 10 11 12 13 |
---------------+----------------------------------------+-----
Polearms       | 5 6 7 8 |  8.2
Stealth        | 1 2 4 5 7 8 9 10 | 10.9
Axes           | 1 4 6 7 |  7.3
Shields        | 1 2 4 5 6 7 8 |  8.0
Dodging        | 5 6 7 9 10 11 13 | 13.7
Fighting       | 3 4 5 6 7 9 11 | 11.5
Evocations     | 1 2 3 5 |  5.0
Invocations    | 2 |  2.1
Throwing       | |  2.3
Armour         | |  0.7

Action                   |  1- 3 |  4- 6 |  7- 9 | 10-12 | 13-15 || total
-------------------------+-------+-------+-------+-------+-------++-------
Melee: Trident           |   110 |    64 |     3 |    22 |       ||   199
       Punch             |     1 |     1 |       |       |       ||     2
       War axe           |       |    63 |   212 |   364 |    72 ||   711
       Tailslap          |       |       |       |     3 |       ||     3
Throw: Throwing net      |     1 |       |       |     4 |       ||     5
       Javelin           |       |       |       |     3 |       ||     3
Invok: Recall Undead Har |       |     1 |     1 |     1 |       ||     3
Evoke: Wand              |       |     2 |     6 |    25 |     2 ||    35
  Use: Potion            |       |     1 |     1 |     5 |     2 ||     9
       Scroll            |       |       |     7 |     5 |    11 ||    23
 Stab: Sleeping          |     5 |     3 |    15 |    14 |     1 ||    38
       Distracted        |       |     1 |     5 |     3 |     1 ||    10
       Held in net/web   |       |       |       |     2 |       ||     2
Armor: Leather armour    |    16 |    24 |    36 |    54 |    10 ||   140
Dodge: Dodged            |    60 |    60 |   163 |   325 |    69 ||   677
Block: Buckler           |       |    15 |    64 |   125 |    26 ||   230
